TOP OF THE 1ST |
Vanderbilt Commodores batting - Pitching for Butler Bulldogs : RHP Jeff Blanco
|
Pitching: RHP Jeff Blanco
|
|
Batting: LHB Doyle Price
|
0-0: Called Strike 0-1: Swinging Strike 0-2: Foul Ball, location: 2F 0-2: Ball 1-2: Ground out 4-3 (Groundball, 4)
|
Batting: RHB Denis Miller
|
0-0: Called Strike 0-1: Foul Ball, location: 2F 0-2: Ball 1-2: Ball 2-2: Ball 3-2: Base on Balls
|
Batting: LHB Luis Miguel Martínez
|
0-0: Called Strike 0-1: Foul Ball, location: 2F 0-2: Ball 1-2: Strikes out swinging
|
Batting: RHB Greg Scott
|
0-0: Fly out, F8 (Flyball, 8LD)
|
Top of the 1st over - 0 run(s), 0 hit(s), 0 error(s), 1 left on base; Vanderbilt 0 - Butler 0 |
BOTTOM OF THE 1ST |
Butler Bulldogs batting - Pitching for Vanderbilt Commodores : LHP Tony Whitcomb
|
Pitching: LHP Tony Whitcomb
|
|
Batting: RHB Weldon Duke
|
0-0: Swinging Strike 0-1: Ball 1-1: Ball 2-1: Ball 3-1: SINGLE (Groundball, 6MD)
|
Batting: LHB Darryl Kirby
|
0-0: Ball 1-0: Foul Ball, location: 2F 1-1: Fielders Choice at 2nd, 5-4 (Groundball, 5L)
|
Batting: RHB Howard Reed
|
0-0: Grounds into double play, 5-4-3 (Groundball, 56)
|
Bottom of the 1st over - 0 run(s), 1 hit(s), 0 error(s), 0 left on base; Vanderbilt 0 - Butler 0 |
TOP OF THE 2ND |
Vanderbilt Commodores batting - Pitching for Butler Bulldogs : RHP Jeff Blanco
|
Batting: SHB Ed Nelson
|
0-0: Fly out, F4 (Popup, 4S)
|
Batting: RHB Jim Harris
|
0-0: Reached on error, E5 (Groundball, 5S)
|
Batting: RHB Todd Weeks
|
0-0: Ball 1-0: Swinging Strike 1-1: 2-RUN HOME RUN (Line Drive, 8LXD), Distance : 453 ft
|
Batting: RHB Jon Downs
|
0-0: SINGLE (Groundball, 6MD)
|
Batting: RHB Eugene Logan
|
0-0: Ball 1-0: SINGLE (Flyball, 78S) Jon Downs to second
|
Batting: LHB Doyle Price
|
0-0: Called Strike 0-1: Ball 1-1: Swinging Strike 1-2: Strikes out swinging
|
Batting: RHB Denis Miller
|
0-0: Foul Ball, location: 2F 0-1: Ball 1-1: Ball 2-1: Ground out 5-3 (Groundball, 56S)
|
Top of the 2nd over - 2 run(s), 3 hit(s), 1 error(s), 2 left on base; Vanderbilt 2 - Butler 0 |
BOTTOM OF THE 2ND |
Butler Bulldogs batting - Pitching for Vanderbilt Commodores : LHP Tony Whitcomb
|
Batting: LHB José Rivas
|
0-0: Ball 1-0: Called Strike 1-1: Swinging Strike 1-2: Strikes out swinging
|
Batting: RHB Foster Love
|
0-0: Foul Ball, location: 2F 0-1: Ball 1-1: Fly out, F9 (Flyball, 9)
|
Batting: SHB Kel Davis
|
0-0: Called Strike 0-1: Foul Ball, location: 2F 0-2: Ball 1-2: Strikes out swinging
|
Bottom of the 2nd over - 0 run(s), 0 hit(s), 0 error(s), 0 left on base; Vanderbilt 2 - Butler 0 |
TOP OF THE 3RD |
Vanderbilt Commodores batting - Pitching for Butler Bulldogs : RHP Jeff Blanco
|
Batting: LHB Luis Miguel Martínez
|
0-0: Ball 1-0: Ball 2-0: Called Strike 2-1: Called Strike 2-2: Ground out 4-3 (Groundball, 4)
|
Batting: RHB Greg Scott
|
0-0: Called Strike 0-1: Ball 1-1: Called Strike 1-2: Ball 2-2: Strikes out looking
|
Batting: SHB Ed Nelson
|
0-0: Ball 1-0: Ball 2-0: SINGLE (Line Drive, 34D)
|
Batting: RHB Jim Harris
|
0-0: Ball 1-0: Ball 2-0: Ball 3-0: Called Strike 3-1: SINGLE (Flyball, 8LS) Ed Nelson to second Runner from 2nd tries for 3rd, SAFE, no throw
|
Batting: RHB Todd Weeks
|
0-0: Ball 1-0: Ball 2-0: Ball 3-0: Called Strike 3-1: Called Strike 3-2: Foul Ball, location: 2F 3-2: Foul Ball, location: 2F 3-2: Fly out, F8 (Line Drive, 8LM)
|
Top of the 3rd over - 0 run(s), 2 hit(s), 0 error(s), 2 left on base; Vanderbilt 2 - Butler 0 |
BOTTOM OF THE 3RD |
Butler Bulldogs batting - Pitching for Vanderbilt Commodores : LHP Tony Whitcomb
|
Batting: LHB Víctor Piña
|
0-0: Ball 1-0: Foul Ball, location: 2F 1-1: SINGLE (Groundball, 34D)
|
Batting: RHB Daniel Bennett
|
0-0: Ball 1-0: Swinging Strike 1-1: Ball 2-1: Swinging Strike 2-2: Foul Ball, location: 2F 2-2: Ball 3-2: Strikes out swinging
|
Batting: SHB Larry Walters
|
0-0: Swinging Strike 0-1: Swinging Strike 0-2: Ball 1-2: Grounds into double play, 6-4-3 (Groundball, 56)
|
Bottom of the 3rd over - 0 run(s), 1 hit(s), 0 error(s), 0 left on base; Vanderbilt 2 - Butler 0 |
TOP OF THE 4TH |
Vanderbilt Commodores batting - Pitching for Butler Bulldogs : RHP Jeff Blanco
|
Batting: RHB Jon Downs
|
0-0: Called Strike 0-1: SOLO HOME RUN (Flyball, 8LXD), Distance : 448 ft
|
Batting: RHB Eugene Logan
|
0-0: Swinging Strike 0-1: Fly out, F9 (Flyball, 9LS)
|
Batting: LHB Doyle Price
|
0-0: Ball 1-0: Ball 2-0: Ball 3-0: Called Strike 3-1: Foul Ball, location: 2F 3-2: Base on Balls
|
Batting: RHB Denis Miller
|
0-0: Ball Doyle Price steals 2nd base 1-0: Ball 2-0: 2-RUN HOME RUN (Flyball, 9D), Distance : 392 ft
|
Batting: LHB Luis Miguel Martínez
|
0-0: Foul Ball, location: 2F 0-1: Ball 1-1: Called Strike 1-2: Strikes out swinging
|
Batting: RHB Greg Scott
|
0-0: Foul Ball, location: 2F 0-1: Ball 1-1: Ball 2-1: Swinging Strike 2-2: Strikes out swinging
|
Top of the 4th over - 3 run(s), 2 hit(s), 0 error(s), 0 left on base; Vanderbilt 5 - Butler 0 |
BOTTOM OF THE 4TH |
Butler Bulldogs batting - Pitching for Vanderbilt Commodores : LHP Tony Whitcomb
|
Batting: RHB Weldon Duke
|
0-0: Ball 1-0: SINGLE (Groundball, 4MD)
|
Batting: LHB Darryl Kirby
|
0-0: Fly out, F8 (Flyball, 78M)
|
Batting: RHB Howard Reed
|
0-0: Ball 1-0: Fly out, F9 (Flyball, 89M)
|
Batting: LHB José Rivas
|
0-0: Ball 1-0: Ball 2-0: Ball 3-0: Called Strike 3-1: Base on Balls Weldon Duke to second
|
Batting: RHB Foster Love
|
0-0: Fly out, F8 (Flyball, 8RM)
|
Bottom of the 4th over - 0 run(s), 1 hit(s), 0 error(s), 2 left on base; Vanderbilt 5 - Butler 0 |
TOP OF THE 5TH |
Vanderbilt Commodores batting - Pitching for Butler Bulldogs : RHP Jeff Blanco
|
Pitching: RHP Cory Smith
|
|
Batting: SHB Ed Nelson
|
0-0: Called Strike 0-1: Foul Ball, location: 2F 0-2: Strikes out looking
|
Batting: RHB Jim Harris
|
0-0: Ball 1-0: Called Strike 1-1: Ball 2-1: Foul Ball, location: 2F 2-2: Ball 3-2: Foul Ball, location: 2F 3-2: Foul Ball, location: 2F 3-2: Fly out, F8 (Flyball, 8LM)
|
Batting: RHB Todd Weeks
|
0-0: Foul Ball, location: 2F 0-1: Ground out 5-3 (Groundball, 2L)
|
Top of the 5th over - 0 run(s), 0 hit(s), 0 error(s), 0 left on base; Vanderbilt 5 - Butler 0 |
BOTTOM OF THE 5TH |
Butler Bulldogs batting - Pitching for Vanderbilt Commodores : LHP Tony Whitcomb
|
Batting: SHB Kel Davis
|
0-0: Ball 1-0: Swinging Strike 1-1: Foul Ball, location: 2F 1-2: Ball 2-2: Ground out 3-1 (Groundball, 34S)
|
Batting: LHB Víctor Piña
|
0-0: Called Strike 0-1: Swinging Strike 0-2: DOUBLE (Line Drive, 9)
|
Batting: RHB Daniel Bennett
|
0-0: Ball 1-0: Called Strike 1-1: Foul Ball, location: 2F 1-2: Foul Ball, location: 2F 1-2: Hit by Pitch
|
Batting: SHB Larry Walters
|
0-0: SINGLE (Line Drive, 9LS) Víctor Piña to third Daniel Bennett to second
|
Batting: RHB Weldon Duke
|
0-0: Ball 1-0: SINGLE (Groundball, 34D) Víctor Piña scores Daniel Bennett to third Larry Walters to second Runner from 3rd tries for Home, SAFE, throw made home
|
Batting: LHB Darryl Kirby
|
0-0: Called Strike 0-1: Swinging Strike 0-2: Foul Ball, location: 2F 0-2: Fly out, F8 (Flyball, 8RM)
|
Batting: RHB Howard Reed
|
0-0: Swinging Strike 0-1: Ball 1-1: Foul Ball, location: 2F 1-2: Foul Ball, location: 2F 1-2: Ball 2-2: Foul Ball, location: 2F 2-2: Fly out, F3 (Line Drive, 34)
|
Bottom of the 5th over - 2 run(s), 3 hit(s), 0 error(s), 2 left on base; Vanderbilt 5 - Butler 2 |
TOP OF THE 6TH |
Vanderbilt Commodores batting - Pitching for Butler Bulldogs : RHP Cory Smith
|
Batting: RHB Jon Downs
|
0-0: Called Strike 0-1: Ball 1-1: Ball 2-1: Swinging Strike 2-2: Strikes out swinging
|
Batting: RHB Eugene Logan
|
0-0: Called Strike 0-1: Ground out 6-3 (Groundball, 6)
|
Batting: LHB Doyle Price
|
0-0: Ball 1-0: Ball 2-0: Ball 3-0: Called Strike 3-1: Hit by Pitch
|
Batting: RHB Denis Miller
|
0-0: Ball Doyle Price is caught stealing 2nd base
|
Top of the 6th over - 0 run(s), 0 hit(s), 0 error(s), 0 left on base; Vanderbilt 5 - Butler 2 |
BOTTOM OF THE 6TH |
Butler Bulldogs batting - Pitching for Vanderbilt Commodores : LHP Tony Whitcomb
|
Batting: LHB José Rivas
|
0-0: Called Strike 0-1: Ball 1-1: DOUBLE (Line Drive, 9LM)
|
Batting: RHB Foster Love
|
0-0: Ball 1-0: Ball 2-0: Called Strike 2-1: Called Strike 2-2: Fly out, F7 (Flyball, 7LMF)
|
Pitching: RHP Chris Harris
|
|
Batting: SHB Kel Davis
|
0-0: Ball 1-0: Called Strike 1-1: Ball José Rivas is caught stealing 3rd base 2-1: Swinging Strike 2-2: Foul Ball, location: 2F 2-2: Ball 3-2: Ground out 4-3 (Groundball, 4)
|
Bottom of the 6th over - 0 run(s), 1 hit(s), 0 error(s), 0 left on base; Vanderbilt 5 - Butler 2 |
TOP OF THE 7TH |
Vanderbilt Commodores batting - Pitching for Butler Bulldogs : RHP Cory Smith
|
Batting: RHB Denis Miller
|
0-0: Foul Ball, location: 2F 0-1: SINGLE (Line Drive, 78S)
|
Batting: LHB Luis Miguel Martínez
|
0-0: Fly out, F8 (Flyball, 8LM)
|
Batting: RHB Greg Scott
|
0-0: Fly out, F8 (Flyball, 8LD)
|
Batting: SHB Ed Nelson
|
0-0: Foul Ball, location: 2F 0-1: SINGLE (Groundball, 4MD) Denis Miller to second Runner from 2nd tries for 3rd, SAFE, throw made to third
|
Batting: RHB Jim Harris
|
0-0: Ball 1-0: Swinging Strike 1-1: Foul Ball, location: 2F 1-2: Foul Ball, location: 2F 1-2: Strikes out swinging
|
Top of the 7th over - 0 run(s), 2 hit(s), 0 error(s), 2 left on base; Vanderbilt 5 - Butler 2 |
BOTTOM OF THE 7TH |
Butler Bulldogs batting - Pitching for Vanderbilt Commodores : RHP Chris Harris
|
Batting: LHB Víctor Piña
|
0-0: Ball 1-0: Ball 2-0: Ball 3-0: Called Strike 3-1: Base on Balls
|
Batting: RHB Daniel Bennett
|
0-0: Called Strike 0-1: SINGLE (Line Drive, 8LS) Víctor Piña to second
|
Batting: SHB Larry Walters
|
0-0: Called Strike 0-1: Called Strike 0-2: Ball 1-2: Strikes out looking
|
Batting: RHB Weldon Duke
|
0-0: Called Strike 0-1: Ball 1-1: Ball 2-1: Ball 3-1: SINGLE (Groundball, 34D) Víctor Piña to third Daniel Bennett to second Throwing error, E9 Víctor Piña scores Daniel Bennett to third Weldon Duke to second
|
Batting: LHB Darryl Kirby
|
0-0: Ground out 6-3 (Groundball, 6) Daniel Bennett scores
|
Pitching: RHP António Cordero
|
|
Pinch Hitting: LHB Arnold Bernard
|
0-0: Ball 1-0: Foul Ball, location: 2F 1-1: Ball 2-1: Swinging Strike 2-2: Strikes out swinging
|
Bottom of the 7th over - 2 run(s), 2 hit(s), 1 error(s), 1 left on base; Vanderbilt 5 - Butler 4 |
TOP OF THE 8TH |
Vanderbilt Commodores batting - Pitching for Butler Bulldogs : RHP Cory Smith
|
Now in RF: Arnold Bernard
|
|
Batting: RHB Todd Weeks
|
0-0: Ball 1-0: Ball 2-0: Called Strike 2-1: Ball 3-1: Base on Balls
|
Batting: RHB Jon Downs
|
0-0: Ball 1-0: Called Strike 1-1: Called Strike 1-2: Foul Ball, location: 2F 1-2: SINGLE (Flyball, 89S) Todd Weeks to second Runner from 2nd tries for 3rd, SAFE, throw made to third
|
Batting: RHB Eugene Logan
|
0-0: Called Strike 0-1: Foul Ball, location: 2F 0-2: Ball 1-2: Strikes out looking
|
Batting: LHB Doyle Price
|
0-0: Called Strike 0-1: Foul Ball, location: 2F 0-2: Ball 1-2: Strikes out swinging
|
Batting: RHB Denis Miller
|
0-0: Called Strike 0-1: Foul Ball, location: 2F 0-2: Ball 1-2: Strikes out swinging
|
Top of the 8th over - 0 run(s), 1 hit(s), 0 error(s), 2 left on base; Vanderbilt 5 - Butler 4 |
BOTTOM OF THE 8TH |
Butler Bulldogs batting - Pitching for Vanderbilt Commodores : RHP António Cordero
|
Pitching: LHP Robbie Troxler
|
|
Batting: LHB José Rivas
|
0-0: Ball 1-0: Ball 2-0: Ball 3-0: Called Strike 3-1: Ground out 6-3 (Groundball, 56D)
|
Pitching: RHP Luis Manuel Marshall
|
|
Batting: RHB Foster Love
|
0-0: Ball 1-0: Ball 2-0: Foul Ball, location: 2F 2-1: Foul Ball, location: 2F 2-2: Ball 3-2: Base on Balls
|
Pitching: LHP Luis Murillo
|
|
Pinch Hitting: RHB Javier Águila
|
0-0: Ball 1-0: Ball 2-0: Called Strike 2-1: Foul Ball, location: 2F 2-2: Ball 3-2: Strikes out swinging
|
Batting: LHB Víctor Piña
|
0-0: Ball 1-0: Fly out, F7 (Flyball, 7LMF)
|
Bottom of the 8th over - 0 run(s), 0 hit(s), 0 error(s), 1 left on base; Vanderbilt 5 - Butler 4 |
TOP OF THE 9TH |
Vanderbilt Commodores batting - Pitching for Butler Bulldogs : RHP Cory Smith
|
Pitching: LHP Glenn Harmon
|
|
Now at 3B: Robert Sipple
|
|
Batting: LHB Luis Miguel Martínez
|
0-0: Ball 1-0: Called Strike 1-1: Ball 2-1: Ball 3-1: Foul Ball, location: 2F 3-2: Base on Balls
|
Batting: RHB Greg Scott
|
0-0: Called Strike 0-1: Foul Ball, location: 2F 0-2: Foul Ball, location: 2F 0-2: Strikes out swinging
|
Batting: SHB Ed Nelson
|
0-0: Foul Ball, location: 2F 0-1: Ball 1-1: SINGLE (Flyball, 7LM) Luis Miguel Martínez to second
|
Batting: RHB Jim Harris
|
0-0: Called Strike 0-1: Called Strike 0-2: Foul Ball, location: 2F 0-2: Foul Ball, location: 2F 0-2: Strikes out swinging
|
Pinch Hitting: RHB Ron Scott
|
0-0: Foul Ball, location: 2F 0-1: Foul Ball, location: 2F 0-2: Ball 1-2: Ball 2-2: Ball 3-2: SINGLE (Flyball, 9S) Luis Miguel Martínez to third Ed Nelson to second Luis Miguel Martínez scores Ed Nelson to third
|
Batting: RHB Jon Downs
|
0-0: Called Strike 0-1: Ball 1-1: Ball 2-1: Called Strike 2-2: Ball 3-2: Foul Ball, location: 2F 3-2: Ground out 6-3 (Groundball, 6M)
|
Top of the 9th over - 1 run(s), 2 hit(s), 0 error(s), 2 left on base; Vanderbilt 6 - Butler 4 |
BOTTOM OF THE 9TH |
Butler Bulldogs batting - Pitching for Vanderbilt Commodores : LHP Luis Murillo
|
Pitching: RHP Dan Riley
|
|
Now at 3B: Ron Scott
|
|
Batting: RHB Daniel Bennett
|
0-0: Ball 1-0: Swinging Strike 1-1: SINGLE (Groundball, 4MD)
|
Pinch Hitting: LHB Alex Kelly
|
0-0: Called Strike 0-1: Fly out, F9 (Flyball, 9)
|
Batting: RHB Weldon Duke
|
0-0: Ball 1-0: Swinging Strike 1-1: Ball 2-1: Ball 3-1: Base on Balls Daniel Bennett to second
|
Batting: LHB Darryl Kirby
|
0-0: Ball 1-0: Ball 2-0: SINGLE (Groundball, 4D) Daniel Bennett to third Weldon Duke to second
|
Batting: LHB Arnold Bernard
|
0-0: Ball 1-0: Swinging Strike 1-1: Ball 2-1: Fly out, F6 (Flyball, 56D)
|
Batting: LHB José Rivas
|
0-0: Ball 1-0: SINGLE (Groundball, 34) (infield hit) Daniel Bennett scores Weldon Duke to third Darryl Kirby to second
|
Batting: RHB Foster Love
|
0-0: Ball 1-0: Foul Ball, location: 2F 1-1: Swinging Strike 1-2: Ball 2-2: Ball 3-2: Base on Balls Weldon Duke scores Darryl Kirby to third José Rivas to second
|
Pitching: RHP Emílio Chavarría
|
|
Batting: RHB Robert Sipple
|
0-0: Ball 1-0: Called Strike 1-1: Ball 2-1: Fielders Choice at 2nd, 6-4 (Groundball, 6)
|
Bottom of the 9th over - 2 run(s), 3 hit(s), 0 error(s), 2 left on base; Vanderbilt 6 - Butler 6 |
TOP OF THE 10TH |
Vanderbilt Commodores batting - Pitching for Butler Bulldogs : LHP Glenn Harmon
|
Pitching: RHP Bartolo Carr
|
|
Now at SS: Mark Oliver
|
|
Batting: RHB Eugene Logan
|
0-0: Called Strike 0-1: Ball 1-1: Called Strike 1-2: Foul Ball, location: 2F 1-2: Ball 2-2: Ball 3-2: Base on Balls
|
Batting: LHB Doyle Price
|
0-0: Ball Wild Pitch! Eugene Logan to second 1-0: Foul Ball, location: 2F 1-1: Ball 2-1: Ball 3-1: Fly out, F6 (Popup, 6)
|
Batting: RHB Denis Miller
|
0-0: Intentional Walk
|
Batting: LHB Luis Miguel Martínez
|
0-0: Ball 1-0: Called Strike 1-1: Ball 2-1: Ball 3-1: Foul Ball, location: 2F 3-2: Base on Balls Eugene Logan to third Denis Miller to second
|
Batting: RHB Greg Scott
|
0-0: Foul Ball, location: 2F 0-1: Called Strike 0-2: Ball 1-2: Strikes out swinging
|
Batting: SHB Ed Nelson
|
0-0: Called Strike 0-1: Swinging Strike 0-2: Foul Ball, location: 2F 0-2: Ball 1-2: Strikes out swinging
|
Top of the 10th over - 0 run(s), 0 hit(s), 0 error(s), 3 left on base; Vanderbilt 6 - Butler 6 |
BOTTOM OF THE 10TH |
Butler Bulldogs batting - Pitching for Vanderbilt Commodores : RHP Emílio Chavarría
|
Batting: LHB Víctor Piña
|
0-0: Ball 1-0: Fly out, F5 (Popup, 5S)
|
Batting: RHB Daniel Bennett
|
0-0: Ball 1-0: Ball 2-0: Ball 3-0: Base on Balls
|
Batting: RHB Mark Oliver
|
0-0: Called Strike 0-1: Grounds into double play, 6-4-3 (Groundball, 6M)
|
Bottom of the 10th over - 0 run(s), 0 hit(s), 0 error(s), 0 left on base; Vanderbilt 6 - Butler 6 |
TOP OF THE 11TH |
Vanderbilt Commodores batting - Pitching for Butler Bulldogs : RHP Bartolo Carr
|
Batting: RHB Jim Harris
|
0-0: Called Strike 0-1: Ball 1-1: Ball 2-1: Ball 3-1: Fly out, F4 (Popup, 34D)
|
Batting: RHB Ron Scott
|
0-0: Ball 1-0: Called Strike 1-1: Fly out, F5 (Popup, 5L)
|
Batting: RHB Jon Downs
|
0-0: Called Strike 0-1: Foul Ball, location: 2F 0-2: Ball 1-2: Ball 2-2: Fly out, F8 (Flyball, 8LM)
|
Top of the 11th over - 0 run(s), 0 hit(s), 0 error(s), 0 left on base; Vanderbilt 6 - Butler 6 |
BOTTOM OF THE 11TH |
Butler Bulldogs batting - Pitching for Vanderbilt Commodores : RHP Emílio Chavarría
|
Batting: RHB Weldon Duke
|
0-0: Ball 1-0: Ball 2-0: Ball 3-0: Base on Balls
|
Batting: LHB Darryl Kirby
|
0-0: Called Strike 0-1: Called Strike 0-2: Ball 1-2: Strikes out swinging
|
Batting: LHB Arnold Bernard
|
0-0: Ball 1-0: Called Strike Weldon Duke is caught stealing 2nd base 1-1: Swinging Strike 1-2: Fly out, F9 (Flyball, 89M)
|
Bottom of the 11th over - 0 run(s), 0 hit(s), 0 error(s), 0 left on base; Vanderbilt 6 - Butler 6 |
TOP OF THE 12TH |
Vanderbilt Commodores batting - Pitching for Butler Bulldogs : RHP Bartolo Carr
|
Pitching: RHP Dallas Elliott
|
|
Batting: RHB Eugene Logan
|
0-0: Ball 1-0: Swinging Strike 1-1: Called Strike 1-2: Strikes out swinging
|
Batting: LHB Doyle Price
|
0-0: Ball 1-0: Foul Ball, location: 2F 1-1: Foul Ball, location: 2F 1-2: Ball 2-2: Fly out, F3 (Line Drive, 3S)
|
Batting: RHB Denis Miller
|
0-0: Ball 1-0: Ground out 6-3 (Groundball, 6)
|
Top of the 12th over - 0 run(s), 0 hit(s), 0 error(s), 0 left on base; Vanderbilt 6 - Butler 6 |
BOTTOM OF THE 12TH |
Butler Bulldogs batting - Pitching for Vanderbilt Commodores : RHP Emílio Chavarría
|
Batting: LHB José Rivas
|
0-0: Foul Ball, location: 2F 0-1: Ball 1-1: Ball 2-1: Foul Ball, location: 2F 2-2: Ball 3-2: Strikes out swinging
|
Batting: RHB Foster Love
|
0-0: Ball 1-0: Foul Ball, location: 2F 1-1: Swinging Strike 1-2: Strikes out swinging
|
Batting: RHB Robert Sipple
|
0-0: Ball 1-0: Ball 2-0: Foul Ball, location: 2F 2-1: Fly out, F7 (Line Drive, 7)
|
Bottom of the 12th over - 0 run(s), 0 hit(s), 0 error(s), 0 left on base; Vanderbilt 6 - Butler 6 |
TOP OF THE 13TH |
Vanderbilt Commodores batting - Pitching for Butler Bulldogs : RHP Dallas Elliott
|
Batting: LHB Luis Miguel Martínez
|
0-0: Foul Ball, location: 2F 0-1: Ball 1-1: Foul Ball, location: 2F 1-2: Ground out 4-3 (Groundball, 4)
|
Batting: RHB Greg Scott
|
0-0: Fly out, F8 (Flyball, 8RM)
|
Batting: SHB Ed Nelson
|
0-0: Foul Ball, location: 2F 0-1: Ball 1-1: Foul Ball, location: 2F 1-2: Ball 2-2: Fly out, F9 (Flyball, 9LD)
|
Top of the 13th over - 0 run(s), 0 hit(s), 0 error(s), 0 left on base; Vanderbilt 6 - Butler 6 |
BOTTOM OF THE 13TH |
Butler Bulldogs batting - Pitching for Vanderbilt Commodores : RHP Emílio Chavarría
|
Batting: LHB Víctor Piña
|
0-0: Ball 1-0: Ball 2-0: Called Strike 2-1: Called Strike 2-2: Foul Ball, location: 2F 2-2: Fly out, F5 (Line Drive, 56)
|
Batting: RHB Daniel Bennett
|
0-0: Ball 1-0: Ball 2-0: Called Strike 2-1: Ball 3-1: Called Strike 3-2: Strikes out looking
|
Batting: RHB Mark Oliver
|
0-0: Foul Ball, location: 2F 0-1: DOUBLE (Line Drive, 8LD)
|
Batting: RHB Weldon Duke
|
0-0: Called Strike 0-1: Ball 1-1: Ball 2-1: Foul Ball, location: 2F 2-2: Foul Ball, location: 2F 2-2: Foul Ball, location: 2F 2-2: Ball 3-2: Base on Balls
|
Batting: LHB Darryl Kirby
|
0-0: Ground out U3 (Groundball, 3L)
|
Bottom of the 13th over - 0 run(s), 1 hit(s), 0 error(s), 2 left on base; Vanderbilt 6 - Butler 6 |
TOP OF THE 14TH |
Vanderbilt Commodores batting - Pitching for Butler Bulldogs : RHP Dallas Elliott
|
Batting: RHB Jim Harris
|
0-0: Swinging Strike 0-1: Ball 1-1: Fly out, F8 (Flyball, 8LS)
|
Batting: RHB Ron Scott
|
0-0: Ball 1-0: Called Strike 1-1: Foul Ball, location: 2F 1-2: Strikes out swinging
|
Batting: RHB Jon Downs
|
0-0: Foul Ball, location: 2F 0-1: Foul Ball, location: 2F 0-2: DOUBLE (Line Drive, 7LM)
|
Batting: RHB Eugene Logan
|
0-0: Ball 1-0: Ball 2-0: Ball 3-0: Base on Balls
|
Batting: LHB Doyle Price
|
0-0: Foul Ball, location: 2F 0-1: Called Strike 0-2: Strikes out swinging
|
Top of the 14th over - 0 run(s), 1 hit(s), 0 error(s), 2 left on base; Vanderbilt 6 - Butler 6 |
BOTTOM OF THE 14TH |
Butler Bulldogs batting - Pitching for Vanderbilt Commodores : RHP Emílio Chavarría
|
Batting: LHB Arnold Bernard
|
0-0: Ball 1-0: Ball 2-0: Called Strike 2-1: Swinging Strike 2-2: Ball 3-2: Strikes out looking
|
Pitching: RHP Hank García
|
|
Batting: LHB José Rivas
|
0-0: Ball 1-0: Ball 2-0: Ball 3-0: Called Strike 3-1: SINGLE (Line Drive, 6D)
|
Batting: RHB Foster Love
|
0-0: Ball 1-0: Called Strike Throwing error on steal attempt, E2 José Rivas to third 1-1: Intentional Walk
|
Batting: RHB Robert Sipple
|
0-0: Swinging Strike 0-1: Ball 1-1: Foul Ball, location: 2F 1-2: Foul Ball, location: 2F 1-2: Strikes out swinging
|
Batting: LHB Víctor Piña
|
0-0: Ball 1-0: Ball 2-0: Swinging Strike 2-1: Ground out U3 (Groundball, 3)
|
Bottom of the 14th over - 0 run(s), 1 hit(s), 1 error(s), 2 left on base; Vanderbilt 6 - Butler 6 |
TOP OF THE 15TH |
Vanderbilt Commodores batting - Pitching for Butler Bulldogs : RHP Dallas Elliott
|
Batting: RHB Denis Miller
|
0-0: Foul Ball, location: 2F 0-1: Fly out, F8 (Flyball, 8LM)
|
Batting: LHB Luis Miguel Martínez
|
0-0: Ball 1-0: Foul Ball, location: 2F 1-1: Swinging Strike 1-2: Foul Ball, location: 2F 1-2: Foul Ball, location: 2F 1-2: Strikes out swinging
|
Batting: RHB Greg Scott
|
0-0: Called Strike 0-1: Ball 1-1: Called Strike 1-2: Strikes out swinging
|
Top of the 15th over - 0 run(s), 0 hit(s), 0 error(s), 0 left on base; Vanderbilt 6 - Butler 6 |
BOTTOM OF THE 15TH |
Butler Bulldogs batting - Pitching for Vanderbilt Commodores : RHP Hank García
|
Batting: RHB Daniel Bennett
|
0-0: Ball 1-0: Called Strike 1-1: Ground out 4-3 (Groundball, 4S)
|
Batting: RHB Mark Oliver
|
0-0: Foul Ball, location: 2F 0-1: Foul Ball, location: 2F 0-2: Strikes out swinging
|
Batting: RHB Weldon Duke
|
0-0: Ball 1-0: Ball 2-0: Ball 3-0: Base on Balls
|
Batting: LHB Darryl Kirby
|
0-0: Ball 1-0: Foul Ball, location: 2F 1-1: Called Strike 1-2: Strikes out looking
|
Bottom of the 15th over - 0 run(s), 0 hit(s), 0 error(s), 1 left on base; Vanderbilt 6 - Butler 6 |
TOP OF THE 16TH |
Vanderbilt Commodores batting - Pitching for Butler Bulldogs : RHP Dallas Elliott
|
Batting: SHB Ed Nelson
|
0-0: Ball 1-0: Foul Ball, location: 2F 1-1: Ball 2-1: Ball 3-1: Base on Balls
|
Batting: RHB Jim Harris
|
0-0: Sac Bunt - play at first, batter OUT! 1-4 Ed Nelson to second
|
Batting: RHB Ron Scott
|
0-0: Swinging Strike 0-1: Foul Ball, location: 2F 0-2: Foul Ball, location: 2F 0-2: Strikes out looking
|
Pitching: RHP Rafael Montoya
|
|
Batting: RHB Jon Downs
|
0-0: Ball 1-0: Ball 2-0: Swinging Strike 2-1: Foul Ball, location: 2F 2-2: Strikes out looking
|
Top of the 16th over - 0 run(s), 0 hit(s), 0 error(s), 1 left on base; Vanderbilt 6 - Butler 6 |
BOTTOM OF THE 16TH |
Butler Bulldogs batting - Pitching for Vanderbilt Commodores : RHP Hank García
|
Batting: LHB Arnold Bernard
|
0-0: Foul Ball, location: 2F 0-1: Ball 1-1: Fly out, F8 (Flyball, 8LD)
|
Batting: LHB José Rivas
|
0-0: Foul Ball, location: 2F 0-1: Ball 1-1: Ball 2-1: Foul Ball, location: 2F 2-2: Foul Ball, location: 2F 2-2: Ground out 3-1 (Groundball, 34)
|
Batting: RHB Foster Love
|
0-0: Ball 1-0: SINGLE (Groundball, 6MD)
|
Batting: RHB Robert Sipple
|
0-0: Ball 1-0: Fly out, F9 (Flyball, 9)
|
Bottom of the 16th over - 0 run(s), 1 hit(s), 0 error(s), 1 left on base; Vanderbilt 6 - Butler 6 |
TOP OF THE 17TH |
Vanderbilt Commodores batting - Pitching for Butler Bulldogs : RHP Rafael Montoya
|
Batting: RHB Eugene Logan
|
0-0: Ball 1-0: Foul Ball, location: 2F 1-1: SOLO HOME RUN (Flyball, 7D), Distance : 375 ft
|
Batting: LHB Doyle Price
|
0-0: Called Strike 0-1: Ball 1-1: Called Strike 1-2: Strikes out swinging, 2-3 out at first.
|
Batting: RHB Denis Miller
|
0-0: Foul Ball, location: 2F 0-1: Called Strike 0-2: Ball 1-2: Strikes out swinging
|
Batting: LHB Luis Miguel Martínez
|
0-0: Ball 1-0: Swinging Strike 1-1: Called Strike 1-2: Foul Ball, location: 2F 1-2: Ball 2-2: Foul Ball, location: 2F 2-2: Strikes out swinging
|
Top of the 17th over - 1 run(s), 1 hit(s), 0 error(s), 0 left on base; Vanderbilt 7 - Butler 6 |
BOTTOM OF THE 17TH |
Butler Bulldogs batting - Pitching for Vanderbilt Commodores : RHP Hank García
|
Batting: LHB Víctor Piña
|
0-0: SINGLE (Groundball, 34D)
|
Batting: RHB Daniel Bennett
|
0-0: Ball 1-0: Ball 2-0: Called Strike 2-1: Swinging Strike 2-2: Strikes out swinging
|
Batting: RHB Mark Oliver
|
0-0: Ball 1-0: Called Strike 1-1: Ball 2-1: Foul Ball, location: 2F 2-2: Strikes out looking
|
Batting: RHB Weldon Duke
|
0-0: Fly out, F8 (Flyball, 8LS)
|
Bottom of the 17th over - 0 run(s), 1 hit(s), 0 error(s), 1 left on base; Vanderbilt 7 - Butler 6 |
|